 Dungeon Crawl Stone Soup version 0.21.0-3-g78d12a8 (webtiles) character file.

9286 Monsterracer the Arsonist (level 11, -3/57 HPs)
             Began as a Deep Elf Fire Elementalist on Jan 8, 2018.
             Was a Believer of Vehumet.
             Shot with an arrow by a centaur warrior (23 damage)
             ... on level 9 of the Dungeon.
             The game lasted 00:26:22 (12272 turns).

Monsterracer the Arsonist (DEFE)                   Turns: 12272, Time: 00:26:23

Health: -3/57      AC:  7    Str:  5    XL:     11   Next: 21%
Magic:  16/27      EV: 17    Int: 24    God:    Vehumet [**....]
Gold:   587        SH:  0    Dex: 15    Spells: 15/30 levels left

rFire    + + .     SeeInvis .   a - staff of fire
rCold    + . .     Gourm    +   (no shield)
rNeg     + . .     Faith    .   s - +0 robe
rPois    .         Spirit   .   m - +2 hat
rElec    .         Reflect  .   (no cloak)
rCorr    .         Harm     .   D - +1 pair of gloves "Coroussia" {rN+}
MR       +....                  E - +0 pair of boots
Stlth    ++........             l - amulet "Ponuanul" {Gourm rF+}
HPRegen  0.19/turn              x - ring of protection from cold {!d}
MPRegen  0.20/turn              o - +3 ring of evasion

@: no status effects
A: no striking features
a: Renounce Religion


You were on level 9 of the Dungeon.
You worshipped Vehumet.
Vehumet was pleased with you.
You were very full.

You visited 2 branches of the dungeon, and saw 10 of its levels.

You collected 587 gold pieces.

Inventory:

Hand Weapons
 b - a +2 whip of electrocution
 w - the +4 falchion of Tension {drain, rC+ Dex+4}
   (You found it on level 9 of the Dungeon)

   A truly terrible weapon, it drains the life of those it strikes.
   It affects your dexterity (+4).
   It protects you from cold.
Armour
 k - a +0 helmet
 m - a +2 hat (worn)
 s - a +0 robe (worn)
 D - the +1 pair of gloves "Coroussia" (worn) {rN+}
   (You acquired it on level 8 of the Dungeon)

   It protects you from negative energy.
 E - a +0 pair of boots (worn)
 F - a +0 ring mail of fire resistance
Magical Staves
 a - an uncursed staff of fire (weapon)
Jewellery
 l - the amulet "Ponuanul" (around neck) {Gourm rF+}
   (You found it on level 5 of the Dungeon)

   [amulet of the gourmand]

   It allows you to eat raw meat even when not hungry.
   It protects you from fire.
 o - a +3 ring of evasion (right hand)
 q - an uncursed ring of stealth
 x - a ring of protection from cold (left hand) {!d}
Wands
 e - a wand of paralysis (12)
 v - a wand of digging (7)
 C - a wand of flame (39)
Scrolls
 d - 5 scrolls of remove curse
 h - a scroll of amnesia
 j - 4 scrolls of identify
 n - 5 scrolls of teleportation
 u - 2 scrolls of enchant weapon
 y - a scroll of fear {!r}
Potions
 f - a potion of might
 g - a potion of agility
 i - 3 potions of flight
 p - 2 potions of haste
 r - 2 potions of brilliance
 t - a potion of lignification
 z - 3 potions of heal wounds
 A - 3 potions of curing
 B - a potion of berserk rage {!q}
 G - a potion of magic
Comestibles
 c - 24 rations
 H - 10 chunks of flesh


   Skills:
 + Level 2.0 Fighting
 + Level 4.1 Dodging
 - Level 2.4 Stealth
 + Level 10.3 Spellcasting
 * Level 11.6 Conjurations
 * Level 12.1 Fire Magic


You had 15 spell levels left.
You knew the following spells:

 Your Spells              Type           Power        Failure   Level  Hunger
a - Flame Tongue          Conj/Fire      #####        1%          1    None
b - Conjure Flame         Conj/Fire      #######.     1%          3    None
c - Sticky Flame          Conj/Fire      #######.     1%          4    #......
d - Fireball              Conj/Fire      #######...   1%          5    ####...
f - Throw Frost           Conj/Ice       #####.       1%          2    None


Dungeon Overview and Level Annotations

Branches:
Dungeon (9/15)             Temple (1/1) D:5             Orc (0/2) D:9
   Lair: D:8-11

Altars:
Ashenzari
Cheibriados
Dithmenos
Elyvilon
Fedhas
Gozag
Hepliaklqana
Kikubaaqudgha
Makhleb
Nemelex Xobeh
Okawaru
Qazlal
Ru
Sif Muna
Trog
Uskayaw
Vehumet
Wu Jian
Xom
Yredelemnul
Zin
The Shining One

Shops:
D:5 (   D:8 (

Annotations:
D:9 1 runed door


Message History

A centaur warrior is nearby!
A centaur warrior is nearby!
A centaur warrior is nearby!
H - 9 chunks of flesh (gained 6)
Things that are here:
a giant club; a giant spiked club; a quokka corpse You butcher the quokka corpse.
H - 10 chunks of flesh (gained 1)
Things that are here:
a giant club; a giant spiked club Magic restored.
Things that are here:
a giant spiked club; an ogre corpse; MP restored: 27
Found a shortbow.
There is an open door here.
An ugly thing and a two-headed ogre come into view.
Found 21 gold pieces.
Casting: Flame Tongue
Confirm with . or Enter, or press ? or * to list all spells.
You can't see any susceptible monsters within range! (Use Z to cast anyway.) Unknown command.
A steam dragon comes into view.
Casting: Flame Tongue
Confirm with . or Enter, or press ? or * to list all spells.
Aiming: Fireball
Press: ? - help, Shift-Dir - straight line, f - white ugly thing
Aim: a white ugly thing (resting)
You feel a surge of power!
The fireball explodes!
The fireball engulfs the white ugly thing.
The white ugly thing is heavily wounded.
The fireball engulfs the steam dragon.
The steam dragon is moderately wounded.
The steam dragon hisses angrily.
The fireball engulfs the two-headed ogre.
The two-headed ogre is moderately wounded.
The two-headed ogre shouts in stereo!
The centaur warrior shouts!
You now have 22/27 mp.
Casting: Fireball
Confirm with . or Enter, or press ? or * to list all spells.
Aiming: Fireball
Press: ? - help, Shift-Dir - straight line, f/p - white ugly thing
Aim: a white ugly thing (heavily wounded)
You feel a surge of power!
The fireball explodes!
The fireball engulfs the white ugly thing.
The white ugly thing is almost dead.
The fireball engulfs the steam dragon.
You kill the steam dragon!
Vehumet accepts your kill.
The steam dragon scales are intact enough to wear.
The fireball engulfs the two-headed ogre.
The two-headed ogre is almost dead.
Health restored: 57 You now have 17/27 mp.
Casting: Fireball
Confirm with . or Enter, or press ? or * to list all spells.
Aiming: Flame Tongue
Press: ? - help, Shift-Dir - straight line, f - two-headed ogre
Aim: a two-headed ogre, wielding two giant spiked clubs (almost dead)
You feel a surge of power!
The flame tongue hits the two-headed ogre.
The two-headed ogre appears unharmed.
The two-headed ogre is almost dead.
You now have 16/27 mp.
Casting: Flame Tongue
Confirm with . or Enter, or press ? or * to list all spells.
Aiming: Fireball
Press: ? - help, Shift-Dir - straight line, f/p - two-headed ogre
Aim: a two-headed ogre, wielding two giant spiked clubs (almost dead)
You feel a surge of power!
The fireball explodes!
The fireball engulfs the two-headed ogre.
You kill the two-headed ogre!
Vehumet accepts your kill.
You feel your power returning.
Your Dodging skill increases to level 4!
Your Fire Magic skill increases to level 12!
The fireball engulfs the centaur warrior.
The centaur warrior is moderately wounded.
You hear a shout!
The centaur warrior wields a shortbow.
The centaur warrior shoots an arrow.
The arrow hits you!
You take 13 damage, and have 44/57 hp.
MASSIVE DAMAGE!!
You now have 15/27 mp.
Unknown command.
Casting: Fireball
Confirm with . or Enter, or press ? or * to list all spells.
Aiming: Fireball
Press: ? - help, Shift-Dir - straight line, f - centaur warrior
Aim: a centaur warrior, wielding a shortbow and wearing a cabochon ring (moderately wounded)
You feel a surge of power!
The fireball explodes!
The fireball engulfs the centaur warrior.
The centaur warrior is severely wounded.
Vehumet accepts your kill.
You feel your power returning.
Your Fighting skill increases to level 2!
You feel a bit more experienced. Vehumet accepts your kill.
You feel a bit more experienced.
The centaur warrior shoots an arrow.
The arrow hits you!!
* * * LOW HITPOINT WARNING * * *
The centaur warrior shoots an arrow.
The arrow hits you!!
You die...

######...#
.#.$#.......#....
.........#
#..#...)...#....
....##...#
#..#.......#....
....##..##
##'###.....##....
....##.##
##....'#...##.....
....####
##8.....##)####.)..
'######
#......##).##.รท#...
.....'#+
##......#..##...#...
.....#.##
#..@..8##.##...##...
........#
#)....##......##+...
.......##
...c###'##......## #...
.......# .... ).#.......#
#... .....).# ..[
#:[#.......# #...
###'#..# .. #=%#.......#
#... ...#..# .
######.....## #...
....#.## ##.#.###...##
#...
....#.########..#...#####
#...


You could see a centaur warrior.

Vanquished Creatures
  5 two-headed ogres
  Pikel (D:7)
  A deep elf mage (D:9)
  An ugly thing (D:9)
  A hippogriff (D:9)
  5 yaks (D:9)
  A steam dragon (D:9)
  Menkaure (D:4)
  A water moccasin (D:7)
  A hornet zombie (D:7)
  An ice beast (D:8)
  A slave (D:7)
  4 orc warriors
  2 phantoms
  2 ogres (D:9)
  4 centaurs
  2 big kobolds (D:8)
  8 bullfrogs
  A water moccasin zombie (D:5)
  A scorpion (D:9)
  3 wights (D:7)
  A howler monkey (D:5)
  4 crimson imps
  2 bullfrog zombies
  9 hounds
  7 orc priests
  A centaur skeleton (D:6)
  5 jellies
  Ijyb (D:5)
  4 iguanas
  4 orc wizards
  5 worker ants
  The ghost of letownia2 the Shield-Bearer, a weakling GrFi (D:3)
  A hound skeleton (D:9)
  Robin (D:3)
  3 gnolls (D:6)
  11 adders
  2 shadow imps
  2 worms
  3 dart slugs
  8 leopard geckos
  50 orcs
  6 bats
  4 giant cockroaches
  5 goblins
  11 hobgoblins
  9 jackals
  5 quokkas
  A ball python (D:4)
  7 frilled lizards
  10 kobolds
  6 rats
236 creatures vanquished.

Vanquished Creatures (others)
  A bullfrog (D:7)
1 creature vanquished.

Grand Total: 237 creatures vanquished

Notes
Turn   | Place    | Note
-------+----------+-------------------------------------------
     0 | D:1      | Monsterracer the Deep Elf Fire Elementalist began the quest for the Orb.
     0 | D:1      | Reached XP level 1. HP: 10/10 MP: 6/6
   105 | D:1      | HP: 5/10 [dart slug/slug dart (5)]
   128 | D:1      | HP: 3/10 [dart slug/slug dart (2)]
   375 | D:1      | Reached XP level 2. HP: 15/15 MP: 4/8
  1724 | D:2      | Reached XP level 3. HP: 19/19 MP: 5/10
  1725 | D:2      | Reached skill level 4 in Fire Magic
  1730 | D:2      | Learned a level 3 spell: Conjure Flame
  2138 | D:2      | Reached XP level 4. HP: 24/24 MP: 7/11
  2301 | D:3      | Learned a level 4 spell: Sticky Flame
  2344 | D:3      | Found a hazy altar of Hepliaklqana.
  2422 | D:3      | You fall through a shaft for 2 floors!
  2422 | D:5      | Entered Level 5 of the Dungeon
  2443 | D:5      | Noticed Ijyb
  2444 | D:5      | Paralysed by Ijyb for 5 turns
  2452 | D:5      | Killed Ijyb
  2500 | D:5      | HP: 9/24 [orc priest/divine providence (15)]
  2536 | D:5      | HP: 10/24 [orc/falchion (2)]
  2537 | D:5      | HP: 4/24 [orc/falchion (6)]
  2796 | D:5      | HP: 12/24 [orc/war axe of chopping (2)]
  2799 | D:5      | Reached XP level 5. HP: 14/28 MP: 7/13
  2958 | D:4      | Reached skill level 5 in Fire Magic
  3021 | D:4      | Noticed Robin
  3037 | D:4      | HP: 11/28 [goblin/dagger[Robin] (6)]
  3247 | D:4      | Noticed a phantom
  3252 | D:4      | Noticed Menkaure
  3366 | D:3      | HP: 11/28 [phantom (5)]
  3368 | D:3      | Killed Robin
  3381 | D:3      | HP: 5/28 [phantom (4)]
  3638 | D:3      | HP: 12/28 [phantom (8)]
  3816 | D:3      | Killed a phantom
  3816 | D:3      | Reached XP level 6. HP: 32/32 MP: 7/15
  3823 | D:3      | Learned a level 5 spell: Fireball
  4125 | D:3      | Noticed letownia2's ghost (weakling GrFi)
  4156 | D:3      | Killed letownia2's ghost
  4699 | D:4      | Killed Menkaure
  4699 | D:4      | Reached skill level 5 in Spellcasting
  4699 | D:4      | Reached skill level 5 in Conjurations
  4699 | D:4      | Reached skill level 6 in Fire Magic
  4699 | D:4      | Reached XP level 7. HP: 36/36 MP: 10/16
  4737 | D:4      | Found an iron altar of Okawaru.
  4737 | D:4      | Found a shadowy altar of Dithmenos.
  5040 | D:5      | HP: 16/36 [bullfrog zombie (5)]
  5045 | D:5      | HP: 8/36 [bullfrog zombie (3)]
  5356 | D:5      | Found a staircase to the Ecumenical Temple.
  5371 | Temple   | Entered the Ecumenical Temple
  5391 | Temple   | Became a worshipper of Vehumet
  5527 | D:4      | You fall through a shaft for 3 floors!
  5580 | D:6      | Reached skill level 7 in Fire Magic
  6306 | D:5      | Reached XP level 8. HP: 38/41 MP: 0/19
  6725 | D:5      | Got a scorched platinum amulet
  6741 | D:5      | Found Sireim's Weapon Emporium.
  6745 | D:5      | Identified the amulet "Ponuanul" {Gourm rF+} (You found it on level 5 of the Dungeon)
  7194 | D:6      | Reached * piety under Vehumet
  7194 | D:6      | Offered knowledge of Magic Dart by Vehumet.
  7197 | D:6      | Reached skill level 8 in Fire Magic
  7221 | D:6      | HP: 7/41 [orc priest/divine providence (14)]
  7244 | D:7      | HP: 7/41 [crimson imp (2)]
  8300 | D:7      | HP: 20/41 [hornet zombie (9)]
  8326 | D:7      | HP: 20/41 [bullfrog (3)]
  8327 | D:7      | Reached XP level 9. HP: 22/45 MP: 14/22
  8607 | D:6      | Reached skill level 9 in Fire Magic
  8872 | D:6      | HP: 12/45 [orc warrior/exploding tomahawk (15)]
  9369 | D:7      | Noticed Pikel
  9377 | D:7      | Killed Pikel
  9773 | D:8      | Noticed a two-headed ogre
  9791 | D:8      | Killed a two-headed ogre
  9791 | D:8      | Reached skill level 10 in Fire Magic
  9893 | D:8      | Found Osoczo's Weapon Boutique.
 10274 | D:8      | Identified a scroll of acquirement
 10277 | D:8      | Got a pair of faintly humming gloves
 10283 | D:8      | Identified the +1 pair of gloves "Coroussia" {rN+} (You acquired it on level 8 of the Dungeon)
 10590 | D:8      | Noticed a two-headed ogre
 10594 | D:8      | Killed a two-headed ogre
 10594 | D:8      | Reached skill level 10 in Conjurations
 10594 | D:8      | Reached XP level 10. HP: 50/50 MP: 8/25
 10736 | D:8      | HP: 23/50 [orc/morningstar (8)]
 11247 | D:9      | Offered knowledge of Sting by Vehumet.
 11252 | D:9      | Found a runed door.
 11283 | D:9      | Reached ** piety under Vehumet
 11287 | D:9      | Reached skill level 11 in Fire Magic
 11451 | D:9      | Noticed a two-headed ogre
 11457 | D:9      | Killed a two-headed ogre
 11644 | D:9      | Found a staircase to the Orcish Mines.
 11676 | D:9      | Found a shattered altar of Ashenzari.
 11685 | D:9      | Found a basalt altar of Yredelemnul.
 11728 | D:9      | Found a sparkling altar of Nemelex Xobeh.
 11932 | D:9      | Got a shimmering falchion
 12077 | D:9      | Found a runed door.
 12079 | D:9      | Identified the +4 falchion of Tension {drain, rC+ Dex+4} (You found it on level 9 of the Dungeon)
 12102 | D:9      | Reached skill level 1 in Fighting
 12120 | D:9      | Noticed a two-headed ogre
 12121 | D:9      | Reached skill level 10 in Spellcasting
 12125 | D:9      | Killed a two-headed ogre
 12127 | D:9      | Noticed a deep elf mage
 12133 | D:9      | Killed a deep elf mage
 12133 | D:9      | Offered knowledge of Throw Frost by Vehumet.
 12133 | D:9      | Reached XP level 11. HP: 48/56 MP: 4/27
 12137 | D:9      | Learned a level 2 spell: Throw Frost
 12237 | D:9      | Noticed a centaur warrior
 12265 | D:9      | Noticed a two-headed ogre
 12265 | D:9      | Noticed a white ugly thing
 12271 | D:9      | Killed a two-headed ogre
 12271 | D:9      | Reached skill level 12 in Fire Magic
 12272 | D:9      | Killed a white ugly thing
 12272 | D:9      | HP: 20/57 [centaur warrior/arrow (24)]
 12272 | D:9      | Shot with an arrow by a centaur warrior

Skill      XL: |  1  2  3  4  5  6  7  8  9 10 11 |
---------------+----------------------------------+-----
Conjurations   | 2 3 4 5 6 8 10 11 | 11.6
Fire Magic     | 4 5 6 7 8 10 11 12 | 12.1
Spellcasting   | 4 5 6 7 9 10 | 10.3
Dodging        | 3 4 |  4.1
Fighting       | 1 2 |  2.0
Stealth        | |  2.4

Action                   |  1- 3 |  4- 6 |  7- 9 | 10-12 || total
-------------------------+-------+-------+-------+-------++-------
Melee: Spear             |       |     3 |       |       ||     3
       Flail             |       |     5 |    51 |       ||    56
       Staff             |       |       |    11 |    12 ||    23
       Whip              |       |       |     6 |     4 ||    10
 Cast: Flame Tongue      |    62 |    93 |   208 |    90 ||   453
       Sticky Flame      |       |     4 |    14 |     8 ||    26
       Conjure Flame     |       |     1 |     9 |     2 ||    12
       Fireball          |       |       |    13 |    17 ||    30
  Use: Scroll            |       |    12 |     9 |     3 ||    24
 Stab: Sleeping          |       |     2 |       |       ||     2
  Eat: Chunk             |     3 |     9 |    19 |    16 ||    47
       Ration            |       |       |     1 |       ||     1
Armor: Robe              |     2 |     7 |    29 |    16 ||    54
Dodge: Dodged            |    19 |    37 |   110 |    50 ||   216

Vault maps used:
D:1:      mrwooster_arrival_statue_3
D:2:      cheibrodos_old_hovel, grunt_ministairs_14
D:3:      lemuel_crystal_altar, minmay_misc_feat_tiny, minmay_quantized
D:4:      gammafunk_temple_overflow_elements, uniq_robin, uniq_menkaure
D:5:      temple_green, first_ration, serial_shops, kennysheep_mini_moat,
          kennysheep_generic_room_15, uniq_ijyb
D:7:      uniq_pikel
D:8:      serial_shops, shop, blue_anna_alchemist, minmay_statues_item
D:9:      cheibrodos_histonic, grunt_temple_overflow_open, hiddenorc1_lemuel,
          uniq_grum
Temple:   lightli_temple_of_artemis
